 Dungeon Crawl Stone Soup version 0.30-a0-1018-g25214051b3 (webtiles) character file.

Game seed: 15597807239896560731

170 bobo the Chopper (level 5, 0/47 HPs)
             Began as a Hill Orc Monk on Apr 7, 2023.
             Was a Follower of Ru.
             Slain by Grinder (5 damage)
             ... on level 3 of the Dungeon.
             The game lasted 00:07:41 (2476 turns).

bobo the Chopper (Hill Orc Monk)                    Turns: 2476, Time: 00:07:41

Health: 0/47       AC:  4    Str: 16    XL:     5   Next: 51%
Magic:  5/5        EV: 12    Int: 10    God:    Ru [*.....]
Gold:   98         SH:  4    Dex: 13    Spells: 4/4 levels left

rFire   . . .      SeeInvis .    a - +1 hand axe
rCold   . . .      Faith    .    i - +0 buckler
rNeg    . . .      Spirit   .    b - +0 robe
rPois   .          Reflect  .    (no helmet)
rElec   .          Rampage  .    g - +0 cloak
rCorr   .                        l - +0 pair of gloves
Will    .....                    (no boots)
Stlth   ++                       (no amulet)
HPRegen 0.27/turn                (no ring)
MPRegen 0.09/turn                (no ring)

@: no status effects
A: no conjurations magic, no ice magic, no transmutations magic
a: Renounce Religion


You were on level 3 of the Dungeon.
You worshipped Ru.
Ru was aware of your devotion.
You visited 1 branch of the dungeon, and saw 3 of its levels.

You collected 98 gold pieces.

Inventory:

Hand Weapons
 a - a +1 hand axe (weapon)
Armour
 b - a +0 robe (worn)
 g - a +0 cloak (worn)
 i - a +0 buckler (worn)
 l - a +0 pair of gloves (worn)
Scrolls
 d - a scroll of acquirement {unknown}
 e - 3 scrolls of teleportation
 f - a scroll of magic mapping
 h - a scroll of noise
 j - 2 scrolls of enchant weapon
 m - a scroll of enchant armour {unknown}
 n - a scroll of fear {unknown}
 p - a scroll of identify
 q - a scroll of fog {unknown}


   Skills:
 + Level 4.8 Fighting
 + Level 5.4 Axes
 + Level 3.2 Dodging
 - Level 1.5 Stealth
 + Level 2.1 Shields


You had 4 spell levels left.
You didn't know any spells.
Your spell library was empty.

Dungeon Overview and Level Annotations

Branches:
Dungeon (3/15)

Altars:
Ashenzari
Gozag
Kikubaaqudgha
Nemelex Xobeh
Ru

Annotations:
D:3 Grinder


Innate Abilities, Weirdness & Mutations

You cannot study or cast Conjurations magic.
You cannot study or cast Ice magic.
You cannot study or cast Transmutations magic.


Message History

You feel less invigorated.
You feel less confused.
There is an open gate here.
A ball python comes into view.
Grinder blinks!
There is an open gate here.
As you read the scroll labelled TAECAUPTUH, it crumbles to dust.
You hear a loud clanging noise!
It was a scroll of noise.
You hear an angry hiss.
As you read the scroll labelled JILOVE NEEV, it crumbles to dust.
It is a scroll of enchant weapon.
Your +0 hand axe glows red for a moment.
The air fills with toxic fumes!
As you read the scroll labelled HEOSSI EMAI, it crumbles to dust.
It was a scroll of poison.
You start resting.
Grinder is nearby!
Grinder blinks!
Grinder rolls her eyes.
Grinder hits you.
* * * LOW HITPOINT WARNING * * *
The ball python hisses angrily.
You hit Grinder but do no damage.
Grinder is moderately wounded.
Grinder says, "DUCK!"
Grinder barely misses you.
You slash Grinder!
Grinder is heavily wounded.
Grinder hits you!
* * * LOW HITPOINT WARNING * * *
You writhe in agony.
* * * LOW HITPOINT WARNING * * *
You hit Grinder.
Grinder is severely wounded.
Grinder barely misses you.
You hit Grinder.
Grinder is severely wounded.
Grinder hits you.
You die...

#.#### #.#≈.≈###.# ..
#.##.. #.#≈.≈#...##.#
#.##.# #.#≈.≈#......#
..##.# #.#○°°#......#
..##.# #.#°○°#....!.#
.###.### #.#.○○#..S...#
.......# #.#°''#.<....#
####...####○°○..°5○○..○#
###..).○○°.°.@..°...#
#.###°.○°.°°°...°.# #.#
#°#○.○○○...○..# #.#
#..○○.°○○°.°..# #.#
#○≈○≈≈≈≈≈≈°.#.# #.#
#°°.°○°...≈○..# #.#
#.≈.#####.≈...# #.#
#.≈.. .≈.#.# ..≈.#.


You could see Grinder and a ball python.

Vanquished Creatures
  Natasha (thrice) (D:2)
  3 adders (D:2)
  A worm (D:2)
  4 dart slugs
  A ball python (D:1)
  2 bats
  10 endoplasms
  2 giant cockroaches
  7 goblins
  5 hobgoblins
  2 quokkas (D:3)
  4 frilled lizards (D:1)
  3 kobolds
  A rat (D:1)
48 creatures vanquished.

Vanquished Creatures (others)
  An adder (D:2)
1 creature vanquished.

Grand Total: 49 creatures vanquished

Notes
Turn   | Place    | Note
-------+----------+-------------------------------------------
     0 | D:1      | bobo the Hill Orc Monk began the quest for the Orb.
     0 | D:1      | Reached XP level 1. HP: 19/19 MP: 1/1
    34 | D:1      | Found a faded altar of an unknown god.
    45 | D:1      | Prayed at the altar of an unknown god.
    45 | D:1      | Became a worshipper of Ru the Awakened
    50 | D:1      | Gained mutation: You cannot study or cast Ice magic. [Ru
                  | sacrifice]
    50 | D:1      | Gained mutation: You cannot study or cast Transmutations
                  | magic. [Ru sacrifice]
    50 | D:1      | Gained mutation: You cannot study or cast Conjurations
                  | magic. [Ru sacrifice]
    50 | D:1      | Reached * piety under Ru
    97 | D:1      | Reached XP level 2. HP: 11/27 MP: 2/2
   841 | D:2      | Reached XP level 3. HP: 33/33 MP: 3/3
   872 | D:2      | HP: 2/49 [poisoned by an adder]
  1088 | D:2      | Reached skill level 1 in Shields
  1170 | D:2      | Reached XP level 4. HP: 20/41 MP: 4/4
  1357 | D:2      | Found an ancient bone altar of Kikubaaqudgha.
  1591 | D:2      | Noticed Natasha
  1600 | D:2      | Killed Natasha
  1601 | D:2      | Reached skill level 5 in Axes
  1622 | D:2      | Noticed Natasha
  1636 | D:2      | Killed Natasha
  1637 | D:2      | Reached XP level 5. HP: 15/47 MP: 5/5
  1742 | D:2      | Noticed Natasha
  1761 | D:2      | Killed Natasha
  2095 | D:3      | Found a broken altar of Ashenzari.
  2275 | D:3      | Found an opulent altar of Gozag.
  2276 | D:3      | Found a sparkling altar of Nemelex Xobeh.
  2434 | D:3      | Noticed Grinder
  2443 | D:3      | Paralysed by Grinder for 2 turns
  2448 | D:3      | Paralysed by Grinder for 3 turns
  2450 | D:3      | HP: 2/47 [Grinder (5)]
  2476 | D:3      | Slain by Grinder

Illustrated notes

Levels and vault maps discovered:
D:1:      lemuel_arrival_room, layout_loops_ring,
          ebering_ecumenical_altar_sacrificial,
          wander_ebering_terrifying_dragon_lair
D:2:      layout_basic, basic_altar, kennysheep_small_spiral,
          minmay_pentomino_x2, uniq_natasha
D:3:      layout_loops_ring, grunt_temple_overflow_opulence,
          mainiacjoe_overflow_brackets, mainiacjoe_overflow_cross_hatched,
          kennysheep_cross_bottleneck, uniq_grinder

Skill      XL: |  1  2  3  4  5 |
---------------+----------------+-----
Fighting       | 4 |  4.8
Shields        | 1 2 |  2.1
Dodging        | 3 |  3.2
Axes           | 5 |  5.4
Stealth        | |  1.5

Action                     |  1- 3 |  4- 6 || total
---------------------------+-------+-------++-------
  Melee: Hand axe          |    93 |   106 ||   199
 Invoke: Sacrifice Arcana  |     1 |       ||     1
    Use: Scroll            |     2 |     3 ||     5
         Potion            |     1 |     5 ||     6
   Stab: Sleeping          |     7 |     4 ||    11
 Armour: Robe              |    13 |    15 ||    28
         Skin              |       |     3 ||     3
  Dodge: Dodged            |    54 |    47 ||   101
  Block: Buckler           |    12 |    16 ||    28

Table legend: (Time is in decaauts)
 A = Elapsed time spent in this place.
 B = Non-inter-level travel time spent in this place.
 C = Inter-level travel time spent in this place.
 D = Time resting spent in this place.
 E = Time spent auto-exploring this place.
 F = Levels seen in this place.
 G = Mean time per level.
                   A        B        C        D        E       F      G
               +--------+--------+--------+--------+--------+-----+--------+
         Total |   2503 |   2483 |     20 |    291 |   1655 |   3 |  834.3 |
       Dungeon |   2503 |   2483 |     20 |    291 |   1655 |   3 |  834.3 |
               +--------+--------+--------+--------+--------+-----+--------+

Top non-repeatable levels by time:
     D:2: 1231 daAuts
     D:1: 836 daAuts
     D:3: 436 daAuts
